 Dungeon Crawl Stone Soup version 0.31-a0-614-gc85dc1c48c (webtiles) character file.

Game seed: 3177494473007642340

70 AdnanSaban the Shield-Bearer (level 4, -4/29 HPs)
             Began as a Gargoyle Fighter on Aug 22, 2023.
             Killed by nerve-wracking pain
             ... invoked by an orc priest
              (7 damage)
             ... on level 2 of the Dungeon.
             The game lasted 00:01:07 (1291 turns).

AdnanSaban the Shield-Bearer (Gargoyle Fighter)     Turns: 1291, Time: 00:01:08

Health: -4/29      AC: 11    Str: 21    XL:     4   Next: 22%
Magic:  4/4        EV:  9    Int:  9    God:
Gold:   116        SH:  4    Dex:  9    Spells: 3/3 levels left

rFire   . . .        a - +0 flail
rCold   . . .        c - +0 buckler
rNeg    + . .        b - +0 scale mail
rPois   ∞            (no helmet)
rElec   +            (no cloak)
rCorr   .            o - +0 pair of gloves
SInv    .            (no boots)
Will    .....        (no amulet) Stlth
                     (no ring)
HPRegen 0.24/turn    (no ring)
MPRegen 0.09/turn

%: no passive effects
@: no status effects
A: sickness immunity, AC +3, negative energy resistance 1, electricity
resistance, torment resistance 1, petrification resistance
a: no special abilities


You were on level 2 of the Dungeon.
You visited 1 branch of the dungeon, and saw 3 of its levels.

You collected 116 gold pieces.

Inventory:

Hand Weapons
 a - a +0 flail (weapon)
Missiles
 p - 4 boomerangs
Armour
 b - a +0 scale mail (worn)
 c - a +0 buckler (worn)
 o - a +0 pair of gloves (worn)
Jewellery
 g - a ring of protection from fire
Scrolls
 e - 2 scrolls of fog {unknown}
 f - a scroll of teleportation {unknown}
 h - 2 scrolls of blinking {unknown}
 i - 2 scrolls of revelation {unknown}
 l - a scroll of poison {unknown}
 q - a scroll of identify {unknown}
 r - a scroll of torment {unknown}
 s - a scroll of amnesia {unknown}
Potions
 d - a potion of might
 j - 2 potions of enlightenment {unknown}
 k - 3 potions of heal wounds {unknown}
 m - a potion of brilliance {unknown}
 n - a potion of attraction {unknown}


   Skills:
 + Level 3.8 Fighting
 + Level 2.7 Maces & Flails
 + Level 3.8 Armour
 + Level 0.4 Dodging
 + Level 3.9 Shields


You had 3 spell levels left.
You didn't know any spells.
Your spell library contained the following spells:

 Spells                   Type           Power      Damage    Failure   Level
 Hailstorm                Conj/Ice       0%         3d3       98%         3
 Summon Ice Beast         Ice/Summ       0%         N/A       100%        4
 Simulacrum               Ice/Necr       0%         N/A       100%        6


Dungeon Overview and Level Annotations

Branches:
Dungeon (3/15)

Altars:
Wu Jian


Innate Abilities, Weirdness & Mutations

You are immune to sickness and miasma.
Your stone body is resilient. (AC +3)
You are immune to poison.
You resist negative energy. (rN+)
You are resistant to electric shocks. (rElec)
You are resistant to unholy torment.
You are immune to petrification.


Message History

No target in view!
No target in view!
No target in view!
No target in view!
No target in view!
No target in view!
No target in view!
No target in view!
No target in view!
No target in view!
No target in view!
No target in view!
You climb downwards.
You block the orc's attack. The orc closely misses you.
The gnoll closely misses you. x2; The orc hits you but does no damage. x2
There is a stone staircase leading up here.
Unknown command.
The orc barely misses you. The gnoll hits you but does no damage.
The gnoll barely misses you. The orc hits you but does no damage.
The orc priest mumbles some strange prayers to Beogh against you.
Beogh smites you! The orc hits you but does no damage.
You climb upwards.
There is a stone staircase leading down here.
The orc attacks as it pursues you! The orc hits you but does no damage.
The gnoll hits you but does no damage.
The orc priest hits you with a +0 morningstar.
The orc barely misses you. The gnoll attacks as it pursues you!
The gnoll hits you but does no damage. The gnoll hits you with a +0 whip.
The orc priest looks satisfied for a moment.
The orc attacks as it pursues you! The orc hits you but does no damage.
The gnoll attacks as it pursues you! The gnoll barely misses you.
The gnoll closely misses you.
The orc priest looks encouraged for a moment.
You barely miss the orc. The gnoll hits you with a +0 whip.
* * * LOW HITPOINT WARNING * * *
The orc barely misses you. The gnoll hits you with a +0 whip.
* * * LOW HITPOINT WARNING * * *
The orc priest calls down the wrath of Beogh upon you.
Pain shoots through your body!
You die...

..# ##.##...#..).....##
### #.####.#.######.#
#.####...#### #.# ####
###.#.........# #.####...
#.............# #........
#.#...........########...
### #.###........>.# ####
##.#####.# #..........#
#........###...@o.....#
#...######^..oggo(....#
#...# ####.#.._o>.....#
##...###...............###
...............#.........#
...............##..#####.#
...............##.....##.#
#....###.......###.......#
#....# #.......# #.##.#..#


You could see an orc priest, 2 gnolls and 3 orcs.

Vanquished Creatures
  A gnoll (D:2)
  2 adders (D:2)
  4 ball pythons
  3 bats
  5 endoplasms
  3 giant cockroaches
  7 hobgoblins
  2 quokkas
  A frilled lizard (D:2)
  2 goblins (D:2)
  2 kobolds (D:1)
  6 rats (D:1)
38 creatures vanquished.

Notes
Turn   | Place    | Note
-------+----------+-------------------------------------------
     0 | D:1      | AdnanSaban the Gargoyle Fighter began the quest for the
                  | Orb.
     0 | D:1      | Reached XP level 1. HP: 14/14 MP: 1/1
   200 | D:1      | Reached XP level 2. HP: 19/19 MP: 2/2
   612 | D:2      | Found a faded altar of an unknown god.
   619 | D:2      | Reached XP level 3. HP: 23/23 MP: 3/3
  1022 | D:2      | Found an ornate altar of the Wu Jian Council.
  1176 | D:2      | Reached XP level 4. HP: 22/29 MP: 4/4
  1291 | D:2      | Killed from afar by an orc priest

Illustrated notes

Levels and vault maps discovered:
D:1:      heliophobic_arrival_henge, layout_basic, minmay_pentomino_r2
D:2:      layout_loops_cross, basic_ecumenical_altar, basic_altar
D:3:      layout_rooms

Action                     |  1- 3 |  4- 6 || total
---------------------------+-------+-------++-------
  Melee: Flail             |   108 |    11 ||   119
 Armour: Scale mail        |    88 |    21 ||   109
  Dodge: Dodged            |    63 |    17 ||    80
  Block: Buckler           |    34 |     4 ||    38

Table legend: (Time is in decaauts)
 A = Elapsed time spent in this place.
 B = Non-inter-level travel time spent in this place.
 C = Inter-level travel time spent in this place.
 D = Time resting spent in this place.
 E = Time spent auto-exploring this place.
 F = Levels seen in this place.
 G = Mean time per level.
                   A        B        C        D        E       F      G
               +--------+--------+--------+--------+--------+-----+--------+
         Total |   1330 |   1312 |     18 |      0 |   1002 |   3 |  443.3 |
       Dungeon |   1330 |   1312 |     18 |      0 |   1002 |   3 |  443.3 |
               +--------+--------+--------+--------+--------+-----+--------+

Top non-repeatable levels by time:
     D:2: 691 daAuts
     D:1: 628 daAuts
     D:3: 10 daAuts
